 Dungeon Crawl Stone Soup version 0.22-a0-866-geee5034 (webtiles) character file.

245 iamserjio the Cudgeler (level 6, 0/48 HPs)
             Began as a Barachi Wanderer on July 28, 2018.
             Killed from afar by Natasha (4 damage)
             ... with a magic dart
             ... on level 2 of the Dungeon.
             The game lasted 00:23:30 (4488 turns).

iamserjio the Cudgeler (Barachi Wanderer)           Turns: 4488, Time: 00:23:31

Health: 0/48       AC:  3    Str: 14    XL:     6   Next: 10%
Magic:  3/7        EV: 11    Int: 14    God:
Gold:   99         SH:  0    Dex: 11    Spells: 2/7 levels left

rFire    . . .     SeeInvis .   g - -2 mace (curse)
rCold    . . .     Gourm    .   (no shield)
rNeg     . . .     Faith    .   d - +0 robe
rPois    .         Spirit   .   (no helmet)
rElec    .         Reflect  .   l - +0 cloak
rCorr    .         Harm     .   (no gloves)
MR       .....                  (no boots)
Stlth    ..........             (no amulet)
HPRegen  0.16/turn              k - ring of attention (curse)
MPRegen  0.10/turn              (no ring)

@: can't hop, very slightly contaminated, slow
A: +LOS, swims, slowness 1, strong legs 1
a: Hop


You were on level 2 of the Dungeon.
You were hungry.

You visited 1 branch of the dungeon, and saw 4 of its levels.

You collected 99 gold pieces.

Inventory:

Hand Weapons
 b - a +0 whip
 c - a +0 flail
 e - a +0 club
 g - a cursed -2 mace (weapon)
 p - a +4 dagger of venom
 r - a +0 spear
Missiles
 a - 17 arrows
 h - 65 stones (quivered)
 q - 6 poisoned tomahawks
Armour
 d - a +0 robe (worn)
 l - a +0 cloak (worn)
 m - a +0 leather armour
Jewellery
 k - a cursed ring of attention (left hand)
Scrolls
 i - 3 scrolls of identify {@r1}
 o - 2 scrolls of enchant weapon
Potions
 j - a potion of degeneration
 n - 2 potions of flight
Comestibles
 f - 5 rations


   Skills:
 - Level 4.1 Fighting
 + Level 4.9 Maces & Flails
 - Level 1.0 Throwing
   Level 1.1 Shields
 - Level 1.1 Spellcasting
   Level 1.1 Charms
 - Level 3.2 Fire Magic
   Level 3.2 Air Magic


You had 2 spell levels left.
You knew the following spells:

 Your Spells              Type           Power        Failure   Level  Hunger
a - Flame Tongue          Conj/Fire      #....        13%         1    ##.....
b - Summon Butterflies    Summ           #.......     26%         1    ##.....
c - Conjure Flame         Conj/Fire      #.......     36%         3    ####...

Your spell library contained the following spells:

 Spells                   Type           Power        Failure   Level  Hunger
 Fireball                 Conj/Fire      #.........   98%         5    ######.
 Throw Flame              Conj/Fire      #.....       21%         2    ###....
 Sticky Flame             Conj/Fire      #.......     78%         4    #####..
 Call Canine Familiar     Summ           #.......     61%         3    ####...
 Inner Flame              Hex/Fire       #.......     36%         3    ####...


Dungeon Overview and Level Annotations

Branches:
Dungeon (4/15)
 Temple: D:4-7

Altars:

Annotations:
D:2 Natasha


Innate Abilities, Weirdness & Mutations

Shadows flee at your approach. (+LOS)
You can swim through water.
You cover ground slowly.
You can hop short distances.


Message History

The stone barely misses you.
You completely miss Natasha.
Natasha is lightly wounded.
You are feeling hungry.
Natasha stares at you and mumbles some strange words.
The magic dart hits you!
The gnoll throws a stone.
The stone closely misses you.
You miss Natasha.
Natasha is lightly wounded.
Natasha misses you.
The gnoll throws a stone.
The stone hits you!
* * * LOW HITPOINT WARNING * * *
You hit Natasha.
Natasha is moderately wounded.
Natasha claws you!
* * * LOW HITPOINT WARNING * * *
You miss Natasha.
Natasha is moderately wounded.
Natasha casts a spell at you. The magic dart hits you!
You die...

##### ......
.......#########
......Kh@).((..#######
......########g...(†.#
#### #######.## #.(###
##.g.. #######..
#....##.# #....##(#
############.....(.#


You could see Natasha, a gnoll and a kobold.

Vanquished Creatures
  2 hounds (D:4)
  Jessica (D:3)
  A hound skeleton (D:4)
  3 gnolls
  An adder (D:3)
  An ooze (D:4)
  4 dart slugs
  2 worms
  2 leopard geckos
  12 orcs
  A ball python (D:1)
  2 giant cockroaches
  7 goblins
  9 hobgoblins
  7 jackals
  A quokka (D:3)
  7 bats
  4 frilled lizards
  3 kobolds
  4 rats
74 creatures vanquished.

Vanquished Creatures (others)
  A bat (D:2)
1 creature vanquished.

Grand Total: 75 creatures vanquished

Notes
Turn   | Place    | Note
-------+----------+-------------------------------------------
     0 | D:1      | iamserjio the Barachi Wanderer began the quest for the Orb.
     0 | D:1      | iamserjio set off with: a scroll of teleportation, a +0 robe, a +0 club, a ration
     0 | D:1      | Reached XP level 1. HP: 13/13 MP: 2/2
     2 | D:1      | Learned a level 1 spell: Flame Tongue
    88 | D:1      | Reached skill level 1 in Fighting
   363 | D:1      | Reached XP level 2. HP: 22/22 MP: 1/3
   998 | D:1      | Reached XP level 3. HP: 29/29 MP: 0/4
  1213 | D:1      | Learned a level 1 spell: Summon Butterflies
  2318 | D:3      | Reached XP level 4. HP: 29/37 MP: 3/5
  2446 | D:3      | Reached skill level 1 in Maces & Flails
  2499 | D:3      | Noticed Jessica
  2656 | D:3      | Killed Jessica
  2763 | D:4      | Reached XP level 5. HP: 37/42 MP: 0/6
  3547 | D:3      | Learned a level 3 spell: Conjure Flame
  3891 | D:3      | Reached XP level 6. HP: 48/48 MP: 3/7
  4007 | D:4      | HP: 2/48 [something/magic dart (7)]
  4477 | D:2      | Noticed Natasha
  4488 | D:2      | Killed from afar by Natasha

Vault maps used:
D:1:      minmay_arrival_five_plusses
D:2:      item_on_display_a, uniq_terence, uniq_natasha
D:3:      minmay_overflow_temple_star_quad, first_ration,
          kennysheep_generic_room_6, uniq_jessica

Skill      XL: |  1  2  3  4  5 |
---------------+----------------+-----
Fighting       | 2 3 4 |  4.1
Maces & Flails | 3 4 |  4.9
Throwing       | |  1.0
Shields        | |  1.1
Spellcasting   | |  1.1
Charms         | |  1.1
Fire Magic     | |  3.2
Air Magic      | |  3.2

Action                   |  1- 3 |  4- 6 || total
-------------------------+-------+-------++-------
Melee: Club              |    43 |       ||    43
       Mace              |     4 |   154 ||   158
Throw: Stone             |     1 |       ||     1
 Cast: Flame Tongue      |    50 |    55 ||   105
 Abil: Hop               |     2 |     4 ||     6
  Use: Scroll            |     5 |     3 ||     8
       Potion            |     4 |     1 ||     5
 Stab: Invisible         |       |     4 ||     4
  Eat: Chunk             |     3 |    10 ||    13
       Ration            |     1 |       ||     1
Armor: Robe              |    21 |    68 ||    89
Dodge: Dodged            |    67 |   166 ||   233

Table legend:
 A = Spawn XP
 B = Non-spawn XP
 C = Spawn XP percentage of total XP
 D = Spawn monster count
 E = Non-spawn monster count
 F = Spawn count percentage of total count
 G = Total turns spent on level
                    A         B        C        D         E        F      G
               +---------+---------+-------+---------+---------+-------+---------
         Total |       0 |     350 |   0.0 |       0 |      74 |   0.0 |  4488
               +---------+---------+-------+---------+---------+-------+---------
           D:1 |       0 |      66 |   0.0 |       0 |      26 |   0.0 |  1970
           D:2 |       0 |      33 |   0.0 |       0 |      12 |   0.0 |   564
           D:3 |       0 |      98 |   0.0 |       0 |      18 |   0.0 |  1076
           D:4 |       0 |     153 |   0.0 |       0 |      18 |   0.0 |   878
               +---------+---------+-------+---------+---------+-------+---------
